 Dungeon Crawl Stone Soup version 0.24-a0-459-g225fefd530 (webtiles) character file.

Game seed: 16197566182578973210

79 Peloso the Shield-Bearer (level 4, -3/40 HPs)
             Began as a Minotaur Fighter on June 30, 2019.
             Killed from afar by Natasha (10 damage)
             ... with a puff of flame
             ... on level 2 of the Dungeon.
             The game lasted 00:01:59 (1113 turns).

Peloso the Shield-Bearer (Minotaur Fighter)         Turns: 1113, Time: 00:02:00

Health: -3/40      AC:  7    Str: 20    XL:     4   Next: 17%
Magic:  3/3        EV:  7    Int:  5    God:
Gold:   100        SH:  9    Dex: 11    Spells: 3/3 levels left

rFire    . . .     SeeInvis .   a - +0 long sword
rCold    . . .     Gourm    .   c - +0 shield
rNeg     . . .     Faith    .   b - +0 scale mail
rPois    .         Spirit   .   (helmet restricted)
rElec    .         Reflect  .   (no cloak)
rCorr    .         Harm     .   (no gloves)
MR       .....                  (no boots)
Stlth    ..........             (no amulet)
HPRegen  0.13/turn              (no ring)
MPRegen  0.08/turn              (no ring)

@: no status effects
A: retaliatory headbutt, horns 2
a: no special abilities


You were on level 2 of the Dungeon.
You were hungry.

You visited 1 branch of the dungeon, and saw 2 of its levels.

You collected 100 gold pieces.

Inventory:

Hand Weapons
 a - a +0 long sword (weapon)
Armour
 b - a +0 scale mail (worn)
 c - a +0 shield (worn)
Jewellery
 g - an uncursed ring of magical power {unknown}
Scrolls
 e - a scroll of fear {unknown}
 h - a scroll of teleportation {unknown}
 j - a scroll of immolation {unknown}
 k - a scroll of identify {unknown}
Potions
 d - a potion of might
 i - a potion of curing {unknown}
Comestibles
 f - a ration


   Skills:
 + Level 3.8 Fighting
 + Level 3.7 Long Blades
 + Level 4.4 Armour
 + Level 0.3 Dodging
 + Level 4.4 Shields


You had 3 spell levels left.
You didn't know any spells.
Your spell library was empty.

Dungeon Overview and Level Annotations

Branches:
Dungeon (2/15)

Altars:

Annotations:
D:2 Natasha


Innate Abilities, Weirdness & Mutations

You reflexively headbutt those who attack you in melee.
You have a pair of horns on your head.


Message History

Natasha casts a spell at you. The magic dart hits you!
* * * LOW HITPOINT WARNING * * *
Natasha wildly gestures.
Natasha shimmers violently.
Natasha claws you.
* * * LOW HITPOINT WARNING * * *
You hit Natasha.
Natasha is heavily wounded.
Natasha claws you.
* * * LOW HITPOINT WARNING * * *
Your shield and scale mail prevent you from hitting Natasha.
Natasha is heavily wounded.
Natasha claws you but does no damage. Natasha barely misses you.
You riposte.
Your shield and scale mail prevent you from hitting Natasha.
Natasha is heavily wounded.
Your shield and scale mail prevent you from hitting Natasha.
Natasha is heavily wounded.
Natasha zaps a wand.
The puff of flame hits you!
You die...

#### ..# #.# #.# # .
###.######.... .=.
#.....@h...#
....##.#.########
.........# .####...#
#...# ##..############
######....֠)<.....#
###........#########.#
#.................##.#


You could see Natasha.

Vanquished Creatures
  Natasha (twice) (D:2)
  4 bats (D:1)
  2 giant cockroaches
  3 goblins
  6 hobgoblins
  3 kobolds
  A quokka (D:1)
  A ball python (D:1)
  3 frilled lizards
  5 rats
30 creatures vanquished.

Notes
Turn   | Place    | Note
-------+----------+-------------------------------------------
     0 | D:1      | Peloso the Minotaur Fighter began the quest for the Orb.
     0 | D:1      | Reached XP level 1. HP: 19/19 MP: 0/0
     5 | D:1      | Noticed an electric eel
   214 | D:1      | Reached XP level 2. HP: 18/27 MP: 1/1
   811 | D:2      | Noticed Natasha
   821 | D:2      | Killed Natasha
   821 | D:2      | Reached XP level 3. HP: 7/33 MP: 2/2
  1089 | D:2      | Noticed Natasha
  1099 | D:2      | Killed Natasha
  1099 | D:2      | Reached XP level 4. HP: 19/40 MP: 3/3
  1106 | D:2      | Noticed Natasha
  1113 | D:2      | Killed from afar by Natasha

Levels and vault maps discovered:
D:1:      arrival_aquarium_a, layout_basic
D:2:      layout_loops_ring, first_ration, minmay_between, uniq_natasha

Skill      XL: |  1  2 |
---------------+-------+-----
Armour         | 4 |  4.4
Long Blades    | 3 |  3.7
Shields        | 4 |  4.4
Fighting       | |  3.8
Dodging        | |  0.3

Action                   |  1- 3 |  4- 6 || total
-------------------------+-------+-------++-------
Melee: Long sword        |    73 |     3 ||    76
       Headbutt          |     8 |       ||     8
Armor: Scale mail        |    32 |     1 ||    33
Dodge: Dodged            |    22 |     1 ||    23
Block: Shield            |    34 |       ||    34
       Rpst.: Long sword |     7 |     1 ||     8

Table legend:
 A = Non-vault XP
 B = Vault XP
 C = Vault XP percentage of total XP
 D = Non-vault monster count
 E = Vault monster count
 F = Vault count percentage of total count
                 A         B        C        D         E       F
            +---------+---------+-------+---------+---------+-------
      Total |      78 |      36 |  31.6 |      29 |       1 |   3.3
            +---------+---------+-------+---------+---------+-------
        D:1 |      32 |       0 |   0.0 |      21 |       0 |   0.0
        D:2 |      46 |      36 |  43.9 |       8 |       1 |  11.1
            +---------+---------+-------+---------+---------+-------
